 Dungeon Crawl Stone Soup version 0.26-a0-1222-g14533b3 (webtiles) character file.

Game seed: 537605236861363559

72 Kalegnar the Digger (level 4, -4/24 HPs)
             Began as a Gargoyle Earth Elementalist on Dec 31, 2020.
             Was an Initiate of Makhleb.
             Killed by divine providence
             ... invoked by an orc priest
              (9 damage)
             ... on level 3 of the Dungeon.
             The game lasted 00:08:19 (2904 turns).

Kalegnar the Digger (Gargoyle Earth Elementalist)   Turns: 2904, Time: 00:08:20

Health: -4/24      AC:  6    Str: 12    XL:     4   Next: 25%
Magic:  2/7        EV: 11    Int: 16    God:    Makhleb [......]
Gold:   143        SH:  0    Dex: 10    Spells: 2/8 levels left

rFire    + . .     SeeInvis .   d - +0 whip
rCold    x . .     Faith    .   (no shield)
rNeg     + . .     Spirit   .   h - +0 leather armour
rPois    ∞         Reflect  .   (no helmet)
rElec    +         Harm     .   (no cloak)
rCorr    .         Rampage  .   (no gloves)
Will     .....                  (no boots)
Stlth    ++........             (no amulet)
HPRegen  0.08/turn              f - ring of fire
MPRegen  0.10/turn              (no ring)

@: no status effects
A: negative energy resistance 1, electricity resistance, unbreathing,
petrification resistance, miasma immunity, AC +3
a: Renounce Religion


You were on level 3 of the Dungeon.
You worshipped Makhleb.
Makhleb was noncommittal.
You visited 1 branch of the dungeon, and saw 3 of its levels.

You collected 143 gold pieces.

Inventory:

Hand Weapons
 d - a +0 whip (weapon)
Missiles
 b - 73 stones (quivered)
 j - 20 poisoned darts
Armour
 h - a +0 leather armour (worn)
Jewellery
 f - a ring of fire (left hand)
Wands
 i - a wand of digging (3)
Scrolls
 a - a scroll of fear {unknown}
 e - 3 scrolls of identify {unknown}
 k - a scroll of teleportation {unknown}
Potions
 c - a potion of flight {unknown}
 g - a potion of magic {unknown}
 l - a potion of curing {unknown}


   Skills:
 + Level 0.9 Maces & Flails
 - Level 1.5 Dodging
 - Level 2.1 Stealth
 + Level 2.6 Spellcasting
 * Level 1.2 Conjurations
 - Level 1.0 Transmutations
 * Level 4.9 Earth Magic


You had 2 spell levels left.
You knew the following spells:

 Your Spells              Type           Power        Failure   Level
a - Sandblast             Erth           34%          3%          1
b - Passwall              Tmut/Erth      9%           11%         2
c - Stone Arrow           Conj/Erth      22%          22%         3

Your spell library contained the following spells:

 Spells                   Type           Power        Failure   Level
 Petrify                  Tmut/Erth      11%          58%         4
 Lee's Rapid Deconstruct  Erth           8%           65%         5


Dungeon Overview and Level Annotations

Branches:
Dungeon (3/15)

Altars:
Ashenzari
Makhleb
Ru
Yredelemnul


Innate Abilities, Weirdness & Mutations

You are resistant to torment.
Your stone body is resilient. (AC +3)
You are immune to poison.
You resist negative energy. (rN+)
You are resistant to electric shocks. (rElec)
You can survive without breathing.
You are immune to petrification.
You are immune to miasma.


Message History

b - 73 stones
Okay, then.
You hit the orc priest but do no damage.
The orc priest is severely wounded.
The orc priest closely misses you.
You hit the orc priest.
The orc priest is severely wounded.
The orc priest mumbles some strange prayers to Beogh against you.
Beogh smites you!
* * * LOW HITPOINT WARNING * * *
An orc comes into view.
You closely miss the orc priest.
The orc priest is severely wounded.
The orc priest hits you but does no damage.
You see here a giant cockroach corpse.
The orc priest looks encouraged for a moment.
There is an open door here.
The orc priest calls down the wrath of Beogh upon you.
Beogh smites you!
You die...

#........#####..#
#......### #.g#
#.#..o.# #..#
#.##.#.# #...
#......# ##.oo
####o### ..##
##'## #.. ##..[##
#.# ##.@...##
##..<....##
#.........#
+.........+
#.........#
##.......##
##.....## ##...##
##'##


You could see an orc priest and an orc.

Vanquished Creatures
  2 adders (D:2)
  An ooze (D:1)
  A leopard gecko (D:2)
  A giant cockroach (D:3)
  7 goblins
  6 hobgoblins
  8 jackals
  6 kobolds
  6 bats
  2 frilled lizards
  6 rats
46 creatures vanquished.

Notes
Turn   | Place    | Note
-------+----------+-------------------------------------------
     0 | D:1      | Kalegnar the Gargoyle Earth Elementalist began the quest
                  | for the Orb.
     0 | D:1      | Reached XP level 1. HP: 10/10 MP: 3/3
   116 | D:1      | Reached skill level 4 in Earth Magic
   116 | D:1      | Reached XP level 2. HP: 11/15 MP: 3/5
   195 | D:1      | Learned a level 2 spell: Passwall
  1153 | D:2      | Reached XP level 3. HP: 10/19 MP: 4/6
  1188 | D:2      | Learned a level 3 spell: Stone Arrow
  1274 | D:2      | Reached skill level 1 in Transmutations
  1419 | D:2      | Found a burning altar of Makhleb.
  1424 | D:2      | Became a worshipper of Makhleb the Destroyer
  1962 | D:2      | Reached XP level 4. HP: 21/24 MP: 4/7
  2154 | D:2      | Found a basalt altar of Yredelemnul.
  2159 | D:2      | Found a broken altar of Ashenzari.
  2202 | D:2      | Reached skill level 1 in Conjurations
  2274 | D:2      | Found a sacrificial altar of Ru.
  2904 | D:3      | Killed from afar by an orc priest

Illustrated notes

Levels and vault maps discovered:
D:1:      moated_graveyard_arrival, layout_basic, serial_corexii_hall,
          corexii_hall_statues_l, corexii_hall_statues_i,
          corexii_hall_statues_i, chequers_hall_statues_corner_a
D:2:      layout_basic, ashenzari_conservatory_becter,
          overflow_temple_1_default, marbit_many_paths,
          nicolae_ru_sacrificial_ziggurat, minmay_pentomino_t2
D:3:      layout_loops_corners, lemuel_round_altar, uniq_robin

Skill      XL: |  1  2  3  4 |
---------------+-------------+-----
Earth Magic    | 4 |  4.9
Transmutations | 1 |  1.0
Conjurations   | 1 |  1.2
Maces & Flails | |  0.9
Dodging        | |  1.5
Stealth        | |  2.1
Spellcasting   | |  2.6

Action                   |  1- 3 |  4- 6 || total
-------------------------+-------+-------++-------
Melee: Whip              |   120 |    47 ||   167
 Cast: Sandblast         |    18 |    17 ||    35
 Stab: Sleeping          |     2 |     1 ||     3
Armor: Robe              |    34 |       ||    34
       Leather armour    |    16 |    13 ||    29
Dodge: Dodged            |    82 |    27 ||   109

Table legend: (Time is in decaauts)
 A = Elapsed time spent in this place.
 B = Non-inter-level travel time spent in this place.
 C = Inter-level travel time spent in this place.
 D = Time resting spent in this place.
 E = Time spent auto-exploring this place.
 F = Levels seen in this place.
 G = Mean time per level.
                   A        B        C        D        E       F      G
               +--------+--------+--------+--------+--------+-----+--------+
         Total |   2916 |   2808 |    108 |    286 |   2086 |   3 |  972.0 |
       Dungeon |   2916 |   2808 |    108 |    286 |   2086 |   3 |  972.0 |
               +--------+--------+--------+--------+--------+-----+--------+

Top non-repeatable levels by time:
     D:2: 1718 daAuts
     D:1: 1132 daAuts
     D:3: 65 daAuts
